 Dungeon Crawl Stone Soup version 0.23.2-40-g277498a001 (webtiles) character file.

Game seed: 2226929060528267412

445 Marnok the Covered (level 6, 0/53 HPs)
             Began as a Minotaur Fighter on Oct 13, 2019.
             Slain by a slave (10 damage)
             ... led by Pikel
             ... on level 4 of the Dungeon.
             The game lasted 00:08:49 (2910 turns).

Marnok the Covered (Minotaur Fighter)               Turns: 2910, Time: 00:08:52

Health: 0/53       AC:  2    Str: 23    XL:     6   Next: 72%
Magic:  5/5        EV: 10    Int:  5    God:
Gold:   117        SH: 10    Dex:  9    Spells: 5/5 levels left

rFire    . . .     SeeInvis .   a - +0 long sword
rCold    . . .     Gourm    .   c - +0 shield
rNeg     . . .     Faith    .   e - +0 robe {MR+}
rPois    .         Spirit   .   (helmet restricted)
rElec    .         Reflect  .   (no cloak)
rCorr    .         Harm     .   (no gloves)
MR       +....                  (no boots)
Stlth    +.........             t - amulet of the acrobat
HPRegen  0.17/turn              (no ring)
MPRegen  0.09/turn              (no ring)

@: no status effects
A: retaliatory headbutt, horns 2
a: no special abilities


You were on level 4 of the Dungeon.
You were hungry.

You visited 1 branch of the dungeon, and saw 4 of its levels.

You collected 117 gold pieces.

Inventory:

Hand Weapons
 a - a +0 long sword (weapon)
 d - a +2 scythe of venom
Armour
 b - a +0 scale mail
 c - a +0 shield (worn)
 e - a +0 robe of magic resistance (worn)
 k - a +2 robe of cold resistance
Jewellery
 t - an amulet of the acrobat (around neck)
Scrolls
 i - a scroll of teleportation {unknown}
 l - 2 scrolls of immolation {unknown}
 m - a scroll of remove curse {unknown}
 n - a scroll of fog {unknown}
 p - a scroll of enchant weapon {unknown}
 s - a scroll of amnesia {unknown}
Potions
 g - 2 potions of lignification
 j - 2 potions of invisibility
 o - a potion of haste
 r - a potion of cancellation
Comestibles
 f - 5 rations
 q - 6 chunks of flesh


   Skills:
 + Level 4.4 Fighting
 + Level 5.4 Long Blades
 + Level 5.4 Armour
 + Level 2.0 Dodging
 + Level 0.3 Stealth
 + Level 5.4 Shields


You had 5 spell levels left.
You didn't know any spells.
Your spell library was empty.

Dungeon Overview and Level Annotations

Branches:
Dungeon (4/15)
 Temple: D:4-7

Altars:

Annotations:
D:3 1 runed translucent door, bepis228's ghost, amateur MiBe
D:4 1 runed translucent door, DroneFragger's ghost, amateur OgAM; Pikel


Innate Abilities, Weirdness & Mutations

You reflexively headbutt those who attack you in melee.
You have a pair of horns on your head.


Message History

You hit Pikel. Your headbutt misses Pikel.
Pikel is lightly wounded.
The slave closely misses you. You furiously retaliate!
You headbutt the slave, but do no damage.
You barely miss Pikel.
Pikel is lightly wounded.
Pikel closely misses you. You block the slave's attack.
You barely miss Pikel.
Pikel is lightly wounded.
You block Pikel's attack. The slave hits you!
* * * LOW HITPOINT WARNING * * *
Pikel drinks a potion.
Pikel seems to grow stronger.
You hit Pikel but do no damage. Your headbutt misses Pikel.
Pikel is lightly wounded.
The slave hits you.
* * * LOW HITPOINT WARNING * * *
Pikel hits you with a +1 whip of electrocution.
* * * LOW HITPOINT WARNING * * *
The slave hits you!
You die...

##+# ##...## ##.....## .
##.......## ..#
#.........####.....
+........pp@Kpp....
#........a####.....
#.......## #...##⌠##..
##.....## #..##...##....
##...## #p##.....##.#.
##'## #.#⌠.!♣%.⌠#... #.#
#p##W....##..# #.#
#..##...##...#
####p#########...##.##...>.


You could see Pikel, 4 slaves and a worker ant.

Vanquished Creatures
  Sigmund (D:3)
  An ogre (D:4)
  An orc wizard (D:3)
  Jessica (D:2)
  An iguana (D:4)
  Robin (D:3)
  4 adders
  2 worms (D:2)
  A dart slug (D:1)
  2 leopard geckos
  12 orcs (D:3)
  2 giant cockroaches (D:1)
  16 goblins
  10 hobgoblins
  4 kobolds
  A quokka (D:2)
  6 bats
  2 frilled lizards
  A quokka skeleton (D:3)
  5 rats (D:1)
74 creatures vanquished.

Notes
Turn   | Place    | Note
-------+----------+-------------------------------------------
     0 | D:1      | Marnok the Minotaur Fighter began the quest for the Orb.
     0 | D:1      | Reached XP level 1. HP: 19/19 MP: 0/0
   383 | D:1      | Reached XP level 2. HP: 21/26 MP: 1/1
   735 | D:1      | Reached XP level 3. HP: 24/33 MP: 2/2
  1282 | D:2      | Noticed Jessica
  1286 | D:2      | Killed Jessica
  1286 | D:2      | Reached XP level 4. HP: 40/40 MP: 3/3
  1735 | D:2      | Found a faded altar of an unknown god.
  2028 | D:3      | Noticed Sigmund
  2034 | D:3      | Noticed Robin
  2047 | D:3      | Killed Sigmund
  2047 | D:3      | Reached skill level 5 in Armour
  2047 | D:3      | Reached skill level 1 in Dodging
  2047 | D:3      | Reached skill level 5 in Shields
  2047 | D:3      | Reached XP level 5. HP: 21/46 MP: 4/4
  2047 | D:3      | Reached XP level 6. HP: 24/52 MP: 5/5
  2055 | D:3      | Killed Robin
  2448 | D:3      | Found a runed translucent door.
  2513 | D:3      | Noticed bepis228's ghost (amateur MiBe)
  2809 | D:4      | Reached skill level 5 in Long Blades
  2862 | D:4      | Noticed DroneFragger's ghost (amateur OgAM)
  2864 | D:4      | Found a runed translucent door.
  2880 | D:4      | Noticed a slave
  2880 | D:4      | Noticed a slave
  2883 | D:4      | Noticed a slave
  2902 | D:4      | Noticed Pikel
  2902 | D:4      | Noticed a slave
  2910 | D:4      | Slain by a slave

Skill      XL: |  1  2  3  4  5  6 |
---------------+-------------------+-----
Armour         | 4 5 |  5.4
Shields        | 4 5 |  5.4
Long Blades    | 3 4 5 |  5.4
Fighting       | 4 |  4.4
Dodging        | 1 2 |  2.0
Stealth        | |  0.3

Action                   |  1- 3 |  4- 6 || total
-------------------------+-------+-------++-------
Melee: Long sword        |   100 |    92 ||   192
       Headbutt          |    10 |    21 ||    31
  Use: Potion            |       |     5 ||     5
       Scroll            |       |     2 ||     2
  Eat: Chunk             |     1 |     5 ||     6
Armor: Scale mail        |    39 |    16 ||    55
       Skin              |       |    16 ||    16
       Robe              |       |     1 ||     1
Dodge: Dodged            |    33 |    31 ||    64
Block: Shield            |    57 |    56 ||   113
       Rpst.: Long sword |     8 |     6 ||    14
